General information
- name: BNet
- type: Ladder team game (AT/RT)
- host: Battle.net
- saver: 1284818
map: FullScaleAssault
- players: 8
- length: 39:30
- speed: Fast
- version: 1.28 W3XP
- replay type: Public
» download(250 KB)
Players
team 1 (winner)

»
wolfblade3 (
red | 68 APM | 2071 actions | 30:38)
6 Demon Hunter
3 Mana Burn
2 Evasion
1 Metamorphosis
5 Pandaren Brewmaster
3 Breath of Fire
1 Drunken Haze
1 Drunken Brawler
3 Priestess of the Moon
2 Trueshot Aura
1 Scout
» actions
| Assign group hotkey | 23 | |
| Basic commands | 96 | |
| Build / train | 100 | |
| ESC pressed | 3 | |
| Enter build submenu | 33 | |
| Enter hero's abilities submenu | 15 | |
| Give item / drop item | 6 | |
| Right click | 695 | |
| Select / deselect | 473 | |
| Select group hotkey | 515 | |
| Use ability | 112 | |
2071 total
» units
| Wisp | 32 | |
| Archer | 8 | |
| Hippogryph | 6 | |
| Dryad | 2 | |
| Blue Drake | 1 | |
| Chimaera | 8 | |
57 total
» upgrades
| Improved Bows | 1 | |
| Well Spring | 1 | |
| Strength of the Wild | 3 | |
| Reinforced Hides | 3 | |
| Corrosive Breath | 1 | |
| Nature's Blessing | 1 | |
| Ultravision | 1 | |
11 total
» buildings
| Moon Well | 9 | |
| Altar of Elders | 1 | |
| Ancient of War | 1 | |
| Tree of Ages | 1 | |
| Tree of Life | 4 | |
| Hunter's Hall | 1 | |
| Ancient of Wonders | 2 | |
| Ancient of Lore | 1 | |
| Ancient of Wind | 2 | |
| Ancient Protector | 5 | |
| Tree of Eternity | 1 | |
| Chimaera Roost | 2 | |
30 total
» build order
00:24 Moon Well
00:40 Altar of Elders
00:52 Ancient of War
01:14 Moon Well
02:09 Moon Well
03:44 Tree of Ages
04:41 Tree of Life
05:00 Hunter's Hall
05:09 Ancient of Wonders
06:32 Ancient of Lore
06:36 Ancient of Wind
06:37 Ancient of Wind
08:09 Ancient Protector
08:12 Tree of Eternity
08:42 Ancient Protector
09:24 Moon Well
09:29 Moon Well
09:45 Ancient Protector
09:54 Ancient Protector
10:51 Moon Well
11:35 Chimaera Roost
11:55 Moon Well
13:06 Chimaera Roost
15:01 Moon Well
20:24 Ancient of Wonders
23:24 Tree of Life
24:20 Tree of Life
24:39 Moon Well
25:12 Ancient Protector
26:46 Tree of Life
» items
| Scroll of Town Portal | 4 | |
| Potion of Healing | 3 | |
| Staff of Preservation | 1 | |
| Orb of Venom | 2 | |
| Potion of Mana | 1 | |
| Scroll of Regeneration | 1 | |
12 total
LilBooboo (
green | 57 APM | 2233 actions | 39:30)
9 Archmage
3 Summon Water Elemental
3 Brilliance Aura
1 Mass Teleport
2 Blizzard
» actions
| Assign group hotkey | 66 | |
| Basic commands | 242 | |
| Build / train | 91 | |
| Enter build submenu | 54 | |
| Enter hero's abilities submenu | 9 | |
| Give item / drop item | 12 | |
| Right click | 755 | |
| Select / deselect | 455 | |
| Select group hotkey | 298 | |
| Use ability | 251 | |
2233 total
» units
| Peasant | 12 | |
| Footman | 5 | |
| Goblin Shredder | 1 | |
| Goblin Zeppelin | 1 | |
| Gryphon Rider | 6 | |
| Goblin Sapper | 9 | |
34 total
» upgrades
| Swords | 3 | |
| Armor | 3 | |
| Masonry | 3 | |
| Animal War Training | 1 | |
| Storm Hammers | 1 | |
| Cloud | 1 | |
12 total
» buildings
| Altar of Kings | 1 | |
| Barracks | 1 | |
| Farm | 6 | |
| Arcane Vault | 2 | |
| Keep | 1 | |
| Lumber Mill | 2 | |
| Town Hall | 2 | |
| Scout Tower | 61 | |
| Guard Tower | 12 | |
| Castle | 1 | |
| Gryphon Aviary | 4 | |
| Blacksmith | 2 | |
| Arcane Tower | 2 | |
97 total
» build order
00:42 Altar of Kings
00:43 Barracks
00:53 Farm
00:54 Farm
01:06 Farm
01:13 Farm
01:36 Farm
03:12 Arcane Vault
03:31 Keep
04:17 Lumber Mill
04:19 Town Hall
04:22 Scout Tower
04:22 Scout Tower
04:25 Scout Tower
04:27 Scout Tower
05:49 Guard Tower
05:51 Guard Tower
06:29 Castle
07:33 Gryphon Aviary
07:34 Gryphon Aviary
07:34 Gryphon Aviary
07:35 Gryphon Aviary
08:15 Blacksmith
08:18 Blacksmith
08:22 Farm
10:26 Town Hall
10:37 Scout Tower
10:37 Scout Tower
10:38 Scout Tower
10:39 Scout Tower
11:08 Guard Tower
11:46 Scout Tower
11:46 Scout Tower
11:47 Scout Tower
11:47 Scout Tower
11:48 Scout Tower
11:48 Scout Tower
11:50 Arcane Vault
13:37 Guard Tower
16:42 Scout Tower
16:44 Scout Tower
16:45 Scout Tower
16:46 Scout Tower
16:47 Scout Tower
16:49 Scout Tower
16:50 Scout Tower
16:54 Scout Tower
16:58 Scout Tower
16:59 Scout Tower
17:00 Scout Tower
17:01 Scout Tower
17:02 Scout Tower
17:03 Scout Tower
17:04 Scout Tower
17:05 Scout Tower
17:06 Scout Tower
17:07 Scout Tower
17:08 Scout Tower
17:08 Scout Tower
17:09 Scout Tower
17:10 Scout Tower
17:12 Scout Tower
17:13 Scout Tower
17:13 Scout Tower
17:13 Scout Tower
18:08 Guard Tower
18:13 Guard Tower
19:09 Guard Tower
21:01 Scout Tower
21:01 Scout Tower
21:01 Scout Tower
21:02 Scout Tower
21:02 Scout Tower
21:03 Scout Tower
21:04 Scout Tower
21:05 Scout Tower
21:06 Scout Tower
21:16 Guard Tower
21:17 Guard Tower
22:15 Scout Tower
22:16 Scout Tower
22:17 Scout Tower
22:17 Scout Tower
22:18 Scout Tower
22:20 Guard Tower
22:22 Scout Tower
22:23 Scout Tower
22:24 Scout Tower
22:45 Arcane Tower
23:18 Guard Tower
23:25 Arcane Tower
27:41 Guard Tower
27:50 Lumber Mill
» items
| Mechanical Critter | 5 | |
| Scroll of Regeneration | 5 | |
| Staff of Sanctuary | 1 | |
| Scroll of Town Portal | 5 | |
| Potion of Healing | 1 | |
| Staff of Teleportation | 1 | |
18 total

»
73845 (
teal | 34 APM | 1324 actions | 39:30)
3 Crypt Lord
2 Carrion Beetles
1 Spiked Carapace
3 Death Knight
2 Death Coil
1 Death Pact
1 Lich
1 Frost Nova
» actions
| Basic commands | 191 | |
| Build / train | 91 | |
| Enter build submenu | 28 | |
| Enter hero's abilities submenu | 7 | |
| Give item / drop item | 1 | |
| Remove unit from queue | 9 | |
| Right click | 510 | |
| Select / deselect | 400 | |
| Use ability | 87 | |
1324 total
» units
| Acolyte | 7 | |
| Ghoul | 18 | |
| Gargoyle | 25 | |
| Giant Sea Turtle | 1 | |
| Makrura Snapper | 1 | |
| Mur'gul Snarecaster | 1 | |
| Makrura Deepseer | 1 | |
54 total
» upgrades
| Creature Attack | 3 | |
| Creature Carapace | 2 | |
| Stone Form | 1 | |
6 total
» buildings
| Altar of Darkness | 1 | |
| Ziggurat | 15 | |
| Graveyard | 1 | |
| Crypt | 2 | |
| Nerubian Tower | 3 | |
| Tomb of Relics | 1 | |
| Spirit Tower | 2 | |
| Halls of the Dead | 1 | |
| Necropolis | 1 | |
| Black Citadel | 1 | |
28 total
» build order
00:19 Altar of Darkness
00:36 Ziggurat
00:51 Graveyard
01:17 Crypt
01:42 Nerubian Tower
02:21 Crypt
02:28 Ziggurat
02:48 Tomb of Relics
03:22 Spirit Tower
04:13 Halls of the Dead
04:27 Ziggurat
04:32 Ziggurat
08:17 Ziggurat
08:19 Ziggurat
08:21 Ziggurat
08:23 Ziggurat
09:15 Spirit Tower
11:09 Ziggurat
11:19 Necropolis
12:22 Black Citadel
12:57 Nerubian Tower
14:14 Ziggurat
14:18 Ziggurat
14:21 Ziggurat
18:57 Nerubian Tower
21:22 Ziggurat
21:24 Ziggurat
22:37 Ziggurat
» items
| Rod of Necromancy | 1 | |
| Periapt of Vitality | 1 | |
| Sacrificial Skull | 1 | |
| Potion of Healing | 1 | |
| Scroll of Town Portal | 1 | |
5 total
FlyStarsBarsFly (
pink | 41 APM | 1617 actions | 39:07)
3 Archmage
2 Summon Water Elemental
1 Blizzard
1 Blood Mage
1 Flame Strike
» actions
| Basic commands | 17 | |
| Build / train | 114 | |
| Enter build submenu | 39 | |
| Enter hero's abilities submenu | 6 | |
| Give item / drop item | 1 | |
| Right click | 1020 | |
| Select / deselect | 335 | |
| Use ability | 84 | |
1617 total
» units
| Peasant | 17 | |
| Goblin Zeppelin | 12 | |
| Goblin Shredder | 8 | |
| Siege Engine | 26 | |
63 total
» upgrades
| Masonry | 3 | |
| Gunpowder | 3 | |
| Armor | 1 | |
| Lumber Harvesting | 2 | |
| Plating | 3 | |
| Barrage | 1 | |
| Magic Sentry | 1 | |
14 total
» buildings
| Lumber Mill | 2 | |
| Farm | 11 | |
| Scout Tower | 17 | |
| Altar of Kings | 1 | |
| Arcane Tower | 3 | |
| Guard Tower | 11 | |
| Blacksmith | 1 | |
| Keep | 1 | |
| Arcane Vault | 1 | |
| Town Hall | 2 | |
| Castle | 1 | |
| Workshop | 3 | |
| Arcane Sanctum | 1 | |
55 total
» build order
00:10 Lumber Mill
00:52 Farm
01:33 Farm
01:37 Farm
01:50 Scout Tower
01:54 Scout Tower
02:00 Scout Tower
02:05 Scout Tower
02:10 Scout Tower
02:21 Altar of Kings
02:25 Arcane Tower
02:32 Scout Tower
02:36 Guard Tower
02:36 Guard Tower
02:44 Scout Tower
02:49 Scout Tower
02:52 Arcane Tower
03:06 Arcane Tower
03:12 Scout Tower
03:22 Guard Tower
03:22 Guard Tower
03:27 Farm
03:29 Guard Tower
03:30 Guard Tower
03:39 Farm
03:55 Scout Tower
03:59 Guard Tower
04:09 Farm
04:23 Guard Tower
04:38 Blacksmith
04:59 Farm
05:28 Keep
05:49 Lumber Mill
06:03 Farm
06:14 Arcane Vault
06:49 Farm
08:18 Town Hall
08:59 Farm
09:26 Castle
10:01 Workshop
10:08 Workshop
10:23 Scout Tower
10:35 Arcane Sanctum
11:08 Workshop
12:33 Scout Tower
12:36 Scout Tower
13:37 Guard Tower
13:39 Guard Tower
13:44 Scout Tower
13:55 Scout Tower
14:00 Scout Tower
14:06 Scout Tower
14:14 Guard Tower
20:30 Farm
29:42 Town Hall
» items
| Potion of Healing | 3 | |
| Potion of Mana | 3 | |
| Orb of Fire | 1 | |
7 total
team 2 (loser)

»
NearlyMilo (
yellow | 40 APM | 963 actions | 23:59)
4 Shadow Hunter
2 Serpent Ward
2 Healing Wave
4 Naga Sea Witch
2 Frost Arrows
2 Forked Lightning
3 Firelord
2 Summon Lava Spawn
1 Incinerate
» actions
| Assign group hotkey | 47 | |
| Basic commands | 91 | |
| Build / train | 95 | |
| ESC pressed | 8 | |
| Enter build submenu | 35 | |
| Enter hero's abilities submenu | 11 | |
| Give item / drop item | 1 | |
| Remove unit from queue | 1 | |
| Right click | 129 | |
| Select / deselect | 197 | |
| Select group hotkey | 227 | |
| Use ability | 121 | |
963 total
» units
| Peon | 27 | |
| Troll Headhunter/Berserker | 7 | |
| Shaman | 11 | |
| Troll Witch Doctor | 3 | |
| Kodo Beast | 1 | |
49 total
» upgrades
| Troll Regeneration | 1 | |
| Shaman Training | 2 | |
| Witch Doctor Training | 2 | |
| Berserker Upgrade | 1 | |
| Reinforced Defenses | 1 | |
| War Drums Damage Increase | 1 | |
| Spirit Walker Training | 1 | |
9 total
» buildings
| Orc Burrow | 7 | |
| Altar of Storms | 1 | |
| War Mill | 1 | |
| Voodoo Lounge | 1 | |
| Barracks | 2 | |
| Stronghold | 3 | |
| Fortress | 1 | |
| Spirit Lodge | 2 | |
| Great Hall | 1 | |
| Watch Tower | 18 | |
| Beastiary | 1 | |
38 total
» build order
00:24 Orc Burrow
00:42 Altar of Storms
01:19 War Mill
01:32 Voodoo Lounge
02:09 Barracks
02:23 Stronghold
02:24 Stronghold
02:24 Stronghold
02:41 Barracks
03:11 Orc Burrow
04:45 Fortress
05:05 Spirit Lodge
05:06 Spirit Lodge
05:10 Orc Burrow
05:58 Orc Burrow
09:33 Great Hall
09:53 Orc Burrow
11:28 Watch Tower
11:29 Watch Tower
12:14 Beastiary
12:46 Watch Tower
12:47 Watch Tower
13:34 Watch Tower
13:35 Watch Tower
13:36 Watch Tower
13:37 Watch Tower
16:53 Orc Burrow
16:53 Orc Burrow
18:28 Watch Tower
18:29 Watch Tower
18:31 Watch Tower
18:36 Watch Tower
18:36 Watch Tower
18:37 Watch Tower
19:09 Watch Tower
19:10 Watch Tower
19:11 Watch Tower
21:21 Watch Tower
» items
| Healing Salve | 2 | |
| Lesser Clarity Potion | 1 | |
| Potion of Lesser Invulnerability | 1 | |
| Scroll of Healing | 2 | |
| Scroll of Protection | 1 | |
| Orb of Lightning | 1 | |
| Tiny Great Hall | 1 | |
9 total
1284818 (
blue | 108 APM | 4260 actions | 39:30)
5 Tauren Chieftain
2 Shockwave
2 Endurance Aura
1 War Stomp
4 Pit Lord
2 Rain of Fire
2 Cleaving Attack
» actions
| Assign group hotkey | 112 | |
| Basic commands | 60 | |
| Build / train | 159 | |
| ESC pressed | 6 | |
| Enter build submenu | 53 | |
| Enter hero's abilities submenu | 10 | |
| Give item / drop item | 17 | |
| Remove unit from queue | 1 | |
| Right click | 1869 | |
| Select / deselect | 602 | |
| Select group hotkey | 1156 | |
| Use ability | 215 | |
4260 total
» units
| Peon | 17 | |
| Grunt | 7 | |
| Troll Headhunter/Berserker | 8 | |
| Goblin Zeppelin | 26 | |
| Goblin Shredder | 3 | |
| Troll Batrider | 1 | |
| Blue Dragon | 1 | |
63 total
» upgrades
| Ranged Weapons | 3 | |
| Berserker Strength | 2 | |
| Berserker Upgrade | 1 | |
| Pillage | 1 | |
| Reinforced Defenses | 1 | |
| Troll Regeneration | 1 | |
| Armor | 3 | |
| Melee Weapons | 4 | |
| Spiked Barricades | 4 | |
| Backpack | 1 | |
| Envenomed Spears | 1 | |
| Ensnare | 1 | |
| Liquid Fire | 1 | |
| War Drums Damage Increase | 1 | |
25 total
» buildings
| Orc Burrow | 5 | |
| Altar of Storms | 1 | |
| Barracks | 1 | |
| Voodoo Lounge | 2 | |
| War Mill | 2 | |
| Stronghold | 6 | |
| Great Hall | 3 | |
| Fortress | 6 | |
| Watch Tower | 31 | |
| Beastiary | 3 | |
60 total
» build order
00:06 Orc Burrow
00:50 Altar of Storms
01:05 Orc Burrow
01:17 Barracks
01:37 Voodoo Lounge
02:09 War Mill
03:12 Orc Burrow
04:34 Stronghold
04:35 Stronghold
05:16 Great Hall
05:49 Orc Burrow
08:53 Fortress
08:53 Fortress
12:18 Watch Tower
12:19 Watch Tower
12:20 Watch Tower
12:21 Watch Tower
12:22 Watch Tower
13:23 Watch Tower
13:24 Watch Tower
13:25 Watch Tower
13:26 Watch Tower
15:30 Great Hall
15:32 Watch Tower
15:33 Watch Tower
15:33 Watch Tower
15:34 Watch Tower
15:45 Watch Tower
15:46 Watch Tower
15:48 Watch Tower
15:50 Watch Tower
16:12 Watch Tower
16:15 Watch Tower
16:21 Watch Tower
16:26 Watch Tower
16:41 Watch Tower
18:14 Stronghold
18:14 Stronghold
18:42 Beastiary
18:44 Beastiary
18:49 Beastiary
19:10 Watch Tower
21:16 Voodoo Lounge
21:17 Fortress
21:17 Fortress
21:18 Fortress
21:18 Fortress
21:33 Watch Tower
21:34 Watch Tower
21:37 Watch Tower
21:40 Watch Tower
22:40 War Mill
28:24 Orc Burrow
31:39 Great Hall
32:50 Watch Tower
32:51 Watch Tower
32:51 Watch Tower
32:52 Watch Tower
» items
| Healing Salve | 2 | |
| Orb of Lightning | 2 | |
| Boots of Speed | 2 | |
| Staff of Teleportation | 2 | |
| Potion of Mana | 6 | |
| Lesser Clarity Potion | 6 | |
20 total

»
xxwizardfacexx (
purple | 69 APM | 1657 actions | 23:50)
3 Archmage
2 Summon Water Elemental
1 Brilliance Aura
2 Paladin
1 Holy Light
1 Divine Shield
1 Mountain King
1 Storm Bolt
» actions
| Assign group hotkey | 34 | |
| Basic commands | 3 | |
| Build / train | 101 | |
| Enter build submenu | 24 | |
| Enter hero's abilities submenu | 6 | |
| Give item / drop item | 5 | |
| Remove unit from queue | 4 | |
| Right click | 701 | |
| Select / deselect | 260 | |
| Select group hotkey | 403 | |
| Use ability | 116 | |
1657 total
» units
| Peasant | 16 | |
| Footman | 5 | |
| Knight | 11 | |
| Siege Engine | 12 | |
44 total
» upgrades
| Defend | 1 | |
| Masonry | 3 | |
| Plating | 3 | |
| Swords | 3 | |
| Gunpowder | 3 | |
| Lumber Harvesting | 2 | |
| Barrage | 1 | |
| Animal War Training | 1 | |
17 total
» buildings
| Farm | 12 | |
| Altar of Kings | 1 | |
| Barracks | 1 | |
| Lumber Mill | 1 | |
| Arcane Vault | 2 | |
| Scout Tower | 12 | |
| Arcane Tower | 3 | |
| Guard Tower | 7 | |
| Town Hall | 1 | |
| Keep | 1 | |
| Blacksmith | 1 | |
| Castle | 1 | |
| Workshop | 2 | |
45 total
» build order
00:39 Farm
00:43 Altar of Kings
00:51 Farm
01:26 Barracks
01:42 Lumber Mill
01:58 Farm
02:20 Arcane Vault
02:30 Scout Tower
02:53 Farm
02:58 Arcane Tower
03:36 Scout Tower
03:41 Farm
04:27 Guard Tower
04:59 Scout Tower
05:15 Scout Tower
05:37 Guard Tower
05:41 Scout Tower
05:46 Guard Tower
05:53 Town Hall
06:02 Arcane Tower
06:08 Scout Tower
06:11 Scout Tower
06:17 Arcane Vault
06:39 Guard Tower
07:21 Keep
07:26 Blacksmith
07:34 Guard Tower
08:11 Scout Tower
08:12 Scout Tower
08:22 Scout Tower
08:24 Scout Tower
08:25 Scout Tower
08:42 Arcane Tower
08:44 Guard Tower
09:10 Guard Tower
10:09 Castle
11:30 Workshop
11:32 Workshop
11:35 Farm
11:36 Farm
11:37 Farm
11:38 Farm
15:40 Farm
15:40 Farm
15:41 Farm
» items
| Scroll of Regeneration | 4 | |
| Boots of Speed | 2 | |
| Periapt of Vitality | 4 | |
| Scroll of Town Portal | 3 | |
| Orb of Fire | 1 | |
| Staff of Sanctuary | 1 | |
15 total
morework (
orange | 31 APM | 633 actions | 20:17)
3 Blademaster
1 Critical Strike
2 Wind Walk
» actions
| Build / train | 58 | |
| Enter build submenu | 20 | |
| Enter hero's abilities submenu | 3 | |
| Give item / drop item | 3 | |
| Remove unit from queue | 1 | |
| Right click | 340 | |
| Select / deselect | 157 | |
| Use ability | 50 | |
633 total
» units
» upgrades
| Ranged Weapons | 3 | |
| Armor | 3 | |
| Burning Oil | 1 | |
| Spiked Barricades | 0 | |
7 total
» buildings
| Altar of Storms | 1 | |
| Orc Burrow | 8 | |
| War Mill | 1 | |
| Voodoo Lounge | 1 | |
| Watch Tower | 2 | |
| Stronghold | 1 | |
| Barracks | 3 | |
| Fortress | 1 | |
| Great Hall | 4 | |
22 total
» build order
00:30 Altar of Storms
00:39 Orc Burrow
01:09 War Mill
01:49 Voodoo Lounge
02:37 Watch Tower
02:57 Stronghold
03:07 Orc Burrow
03:37 Watch Tower
05:03 Barracks
05:23 Fortress
07:17 Great Hall
07:29 Great Hall
08:14 Orc Burrow
08:17 Orc Burrow
08:21 Orc Burrow
08:24 Orc Burrow
08:25 Orc Burrow
08:26 Orc Burrow
09:35 Great Hall
11:06 Barracks
11:47 Barracks
17:13 Great Hall
» items
| Healing Salve | 3 | |
| Orb of Lightning | 2 | |
| Lesser Clarity Potion | 2 | |
| Tiny Great Hall | 1 | |
| Scroll of Town Portal | 2 | |
| Staff of Teleportation | 1 | |
11 total
Chat log
(00:16 / All) xxwizardfacexx: hello friends!
(00:17 / Allies) xxwizardfacexx: rush?
(00:42 / Allies) 1284818: rushing on this map
(00:43 / Allies) 1284818: lol
(00:51 / All) LilBooboo: I hate where peon gets stuck on another one
(01:02 / All) wolfblade3: dumbass peons
(01:04 / All) 73845: i farted once and called it a peon
(01:19 / All) 1284818: I peon ur face
(06:41 / Allies) 1284818: I'll give you 2k gold for that pendant
(06:47 / Allies) 1284818: oj
(06:59 / Allies) 1284818: ty
(07:07 / Allies) 1284818: rest to come
(13:02 / Allies) xxwizardfacexx: thief duder
(13:07 / Allies) 1284818: it's a brilliance aura item dude
(13:11 / Allies) 1284818: why would you want it for am
(13:13 / Allies) xxwizardfacexx: ok
(13:15 / Allies) 1284818: and I crept that with you
(13:22 / Allies) xxwizardfacexx: i forget what all the shit is
(15:19 / All) LilBooboo: wow
(15:35 / All) LilBooboo: TERRORIST
(16:26 / All) LilBooboo: RAGHEAD
(18:02 / All) LilBooboo: lawl
(18:58 / All) LilBooboo: thx
(19:43 / Allies) xxwizardfacexx: \tp
(24:48 / All) wolfblade3: nice pooling noob
(25:36 / All) LilBooboo: BRB
(25:49 / All) 1284818: My items are insane
(26:31 / All) wolfblade3: coming to rape u soon
(26:32 / All) wolfblade3: blue
(26:44 / All) 1284818: not so sure on that
(29:55 / All) wolfblade3: sigh
(29:57 / All) wolfblade3: these idiots
(29:58 / All) 1284818: lol
(29:59 / All) wolfblade3: ur friends
(30:02 / All) wolfblade3: get a fucking life
(30:05 / All) 73845: bff
(30:16 / All) LilBooboo: CLAN S4S THE CLAN OF CHOICE FOR PUSSIES
(30:18 / All) wolfblade3: whatever i raped u
(30:22 / All) 1284818: no you didn't
(30:26 / All) 1284818: I still have a base and heroes
(30:27 / All) wolfblade3: yeah i did
(30:31 / All) 1284818: keep dreaming
(30:32 / All) wolfblade3: hard in the ass
(30:36 / All) wolfblade3: stupid fuck
(30:37 / All) 1284818: you wish
(32:32 / All) LilBooboo: nice try
(32:56 / All) 73845: uhhh duh
(33:03 / All) LilBooboo: just leave boy
(33:04 / All) LilBooboo: ya lost
(33:26 / All) LilBooboo: stop embarrassing yourself newbie
(36:27 / All) 1284818: pink still playing lol
(36:34 / All) 73845: in 95 hogan became the third man of the nwo
(36:35 / All) LilBooboo: ain't no quit in that boy
(36:44 / All) 1284818: micro that tank pink
(36:49 / All) 1284818: Maybe you'll get the hall if you're lucky
(36:53 / All) 1284818: not like I got another one and 15k gold
(37:05 / All) 73845: yeh why didnt you micro better
(37:11 / All) FlyStarsBarsFly: 2 allies bsing me for no reason
(37:19 / All) 1284818: sounds like you lost pink
(37:19 / All) 1284818: gg
(37:23 / All) 1284818: time for you to leave I think
(37:24 / All) 73845: your name is dragonflyfag
(37:28 / All) LilBooboo: we don't take kindly to your kind around here
(37:30 / All) 73845: you suck the dick
(38:24 / All) 73845: oh hi
(38:38 / All) 1284818: look at my items
(38:42 / All) 1284818: these sweet heroes and nothing to use them on
(38:58 / All) LilBooboo: sobi mask and cloak of flames in my base
(39:14 / All) 73845: yayyy
(39:23 / All) 1284818: nice
(39:25 / All) 1284818: decent game
(39:29 / All) 1284818: k